 Dungeon Crawl Stone Soup version 0.30.1-9-gdf580d7c3d (webtiles) character file.

Game seed: 10602730233517096741

916 arthad the Trooper (level 8, -1/84 HPs)
             Began as an Ogre Cinder Acolyte on Oct 19, 2023.
             Was a High Priest of Ignis.
             Slain by a white imp (5 damage)
             ... on level 6 of the Dungeon.
             The game lasted 00:04:59 (4889 turns).

arthad the Trooper (Ogre Cinder Acolyte)            Turns: 4889, Time: 00:05:00

Health: -1/84      AC:  3    Str: 22    XL:     8   Next: 9%
Magic:  14/14      EV: 14    Int: 15    God:    Ignis [*****.]
Gold:   271        SH:  0    Dex:  4    Spells: 13/15 levels left

rFire   + + .        j - +8 hammer "Dragonbane" {drain, Str+3 Int-2 Stlth+}
rCold   . . .        (no shield)
rNeg    . . .        b - +0 robe
rPois   .            (helmet restricted)
rElec   .            (no cloak)
rCorr   .            (gloves unavailable)
SInv    +            (boots unavailable)
Will    .....        (no amulet)
Stlth   ++           h - ring of see invisible
HPRegen 0.34/turn    H - +5 ring of evasion
MPRegen 0.14/turn

%: no passive effects
@: mighty, attractive, flying
A: large, unfitting armour, tough skin 1, fire resistance 1
a: Renounce Religion, Fiery Armour, Foxfire Swarm, Rising Flame


You were on level 6 of the Dungeon.
You worshipped Ignis.
Ignis was extremely pleased with you.
You visited 1 branch of the dungeon, and saw 6 of its levels.

You collected 271 gold pieces.

Inventory:

Hand Weapons
 a - a -1 hand axe of flaming
 j - the +8 hammer "Dragonbane" (weapon) {drain, Str+3 Int-2 Stlth+}
   (You found it on level 2 of the Dungeon)

   Str:       It affects your strength (+3).
   Int:       It affects your intelligence (-2).
   Stlth:     It makes you more stealthy.
 l - the +3 whip "Taacil" {heavy, rPois rF+ Stlth+}
   (You found it on level 2 of the Dungeon)

   rF:        It protects you from fire.
   rPois:     It protects you from poison.
   Stlth:     It makes you more stealthy.
Missiles
 f - 10 boomerangs (quivered)
 q - 12 poisoned darts
 s - 3 silver boomerangs
 u - 4 boomerangs of dispersal
 w - 4 javelins
Armour
 b - a +0 robe (worn)
Magical Staves
 t - a staff of fire
Jewellery
 h - a ring of see invisible (left hand)
 x - an amulet of faith
 z - a ring of protection from fire
 H - a +5 ring of evasion (right hand)
Wands
 o - a wand of roots (7)
 C - a wand of quicksilver (6)
Scrolls
 c - a scroll of blinking {unknown}
 e - 2 scrolls of poison
 g - 2 scrolls of immolation {unknown}
 i - 3 scrolls of identify {unknown}
 m - a scroll of fear {unknown}
 n - 2 scrolls of teleportation {unknown}
 p - 2 scrolls of enchant armour {unknown}
 r - 3 scrolls of vulnerability {unknown}
 y - a scroll of amnesia {unknown}
 A - a scroll of silence {unknown}
 G - a scroll of acquirement {unknown}
Potions
 d - a potion of attraction
 k - a potion of might
 B - a potion of berserk rage {unknown}
 D - a potion of haste {unknown}
 E - a potion of ambrosia {unknown}
 F - a potion of mutation


   Skills:
 * Level 6.6 Fighting
 * Level 4.8 Axes
 + Level 2.2 Dodging
 + Level 2.0 Stealth
 * Level 4.3 Spellcasting
 * Level 4.6 Fire Magic


You had 13 spell levels left.
You knew the following spells:

 Your Spells              Type           Power      Damage    Failure   Level
a - Scorch                Fire           34%        2d6       3%          2

Your spell library contained the following spells:

 Spells                   Type           Power      Damage    Failure   Level
 Portal Projectile        Hex/Tloc       6%         N/A       47%         3
 Tukima's Dance           Hex            3%         N/A       47%         3
 Blade Hands              Tmut           1%         N/A       99%         5


Dungeon Overview and Level Annotations

Branches:
Dungeon (6/15)
 Temple: D:4-7

Altars:
Elyvilon
Ru

Shops:
D:5 ?

Annotations:
D:2 1 runed translucent door, Crazy Yiuf


Innate Abilities, Weirdness & Mutations

You are too large for most types of armour.
You have tough skin. (AC +1)
Your flesh is heat resistant. (rF+)


Message History

The white imp gestures at you. The puff of frost hits you.
An iguana comes into view.
You barely miss the white imp. The white imp hits you.
The white imp freezes you.
* * * LOW HITPOINT WARNING * * *
The iguana hisses angrily.
You hit the white imp.
The white imp is heavily wounded.
The white imp hits you.
* * * LOW HITPOINT WARNING * * *
The white imp freezes you.
* * * LOW HITPOINT WARNING * * *
The white imp hits you.
* * * LOW HITPOINT WARNING * * *
The white imp freezes you.
* * * LOW HITPOINT WARNING * * *
You closely miss the white imp.
The white imp is heavily wounded.
The white imp hits you.
* * * LOW HITPOINT WARNING * * *
The white imp freezes you.
* * * LOW HITPOINT WARNING * * *
It was a potion of attraction.
You feel attractive to monsters.
The white imp hits you but does no damage.
The iguana is attracted toward you. The white imp attacks as you move away!
The white imp completely misses you.
It was a potion of might.
You feel very mighty all of a sudden. The white imp closely misses you.
It was a potion of mutation.
You feel extremely strange.
You feel resistant to heat. The white imp misses you.
It was a potion of flight.
You feel very buoyant.
You fly up into the air.
The white imp hits you.
* * * LOW HITPOINT WARNING * * *
The white imp freezes you.
You die...

#### #####...
############+#......=
....^................
######..#.###..........
............####......#
..###...##..# #......#
#. #(#.#.###.####.....#
#...#.#@..###.#..#.....#
#.l5###...........†.#
#.#.# #.#...#.......# #.
.#§ #.....#.......# ..
.# #..###..#.......# ..
.# #.#. #..#.......# ##
.# . .# #.##.##...## ##
. ..##+##...# #... .....


You could see an iguana and a white imp.

Vanquished Creatures
  A water moccasin (D:6)
  An ogre (D:5)
  2 phantoms (D:5)
  A kobold brigand (D:6)
  2 scorpions
  A howler monkey (D:4)
  A hound (D:5)
  4 iguanas
  An orc wizard (D:5)
  9 adders
  A gnoll (D:5)
  2 white imps
  2 ufetubi
  A worm (D:4)
  A dart slug (D:4)
  14 orcs
  3 ball pythons
  7 endoplasms
  3 giant cockroaches
  3 hobgoblins
  2 quokkas
  5 bats
  3 frilled lizards
  3 goblins
  7 kobolds
  2 rats (D:1)
82 creatures vanquished.

Notes
Turn   | Place    | Note
-------+----------+-------------------------------------------
     0 | D:1      | arthad the Ogre Cinder Acolyte began the quest for the Orb.
     0 | D:1      | Reached XP level 1. HP: 24/24 MP: 2/2
   415 | D:1      | Reached XP level 2. HP: 31/32 MP: 4/4
   473 | D:1      | Found a faded altar of an unknown god.
  1196 | D:2      | Reached XP level 3. HP: 40/40 MP: 5/5
  1214 | D:2      | Found a runed translucent door.
  1215 | D:2      | Noticed Crazy Yiuf
  1217 | D:2      | Identified the +8 hammer "Dragonbane" {drain, Str+3 Int-2
                  | Stlth+}
  1611 | D:2      | Identified the +3 whip "Taacil" {heavy, rPois rF+ Stlth+}
  2312 | D:3      | Reached XP level 4. HP: 42/49 MP: 7/7
  2629 | D:3      | Found a white marble altar of Elyvilon.
  2781 | D:4      | Reached skill level 1 in Dodging
  2837 | D:4      | Reached XP level 5. HP: 55/55 MP: 8/8
  2859 | D:4      | Reached skill level 5 in Fighting
  2982 | D:4      | Reached skill level 1 in Stealth
  3340 | D:4      | Reached XP level 6. HP: 46/66 MP: 8/10
  3656 | D:5      | Entered Level 5 of the Dungeon
  3869 | D:5      | Found a sacrificial altar of Ru.
  3902 | D:5      | Reached XP level 7. HP: 59/74 MP: 10/12
  4017 | D:5      | Found Upsuex's Magic Scroll Emporium.
  4196 | D:5      | Reached skill level 6 in Fighting
  4699 | D:6      | Learned a level 2 spell: Scorch
  4875 | D:6      | Reached XP level 8. HP: 52/84 MP: 14/14
  4888 | D:6      | Gained mutation: Your flesh is heat resistant. (rF+)
                  | [potion of mutation]
  4889 | D:6      | HP: 4/84 [white imp (2)]
  4889 | D:6      | Slain by a white imp

Illustrated notes

Levels and vault maps discovered:
D:1:      roderic_crossed_star, layout_loops_ring, basic_ecumenical_altar
D:2:      layout_basic, serial_corexii_hall, chequers_hall_statues_wall_a,
          corexii_hall_statues_s, chequers_hall_statues_y,
          chequers_hall_statues_corner_a, uniq_crazy_yiuf_cottage
D:3:      layout_loops_ring, lemuel_crystal_altar
D:4:      layout_basic
D:5:      layout_loops_cross, nicolae_ru_the_path_less_chosen, serial_shops,
          nicolae_shop_advertising_works [nicolae_subvault_shop_adworks],
          hangedman_abyss_or_decor_stagger, kennysheep_opposing_triangles
D:6:      layout_gridville, chequers_temple_overflow_minitemple,
          minmay_starry_boxes

Skill      XL: |  1  2  3  4  5  6  7 |
---------------+----------------------+-----
Fire Magic     | 3 4 |  4.6
Spellcasting   | 2 3 4 |  4.3
Dodging        | 1 2 |  2.2
Fighting       | 5 6 |  6.6
Stealth        | 1 2 |  2.0
Axes           | 4 |  4.8

Action                     |  1- 3 |  4- 6 |  7- 9 || total
---------------------------+-------+-------+-------++-------
  Melee: Hand axe          |    74 |       |       ||    74
         Mace              |    28 |    79 |    48 ||   155
         Punch             |     1 |     1 |     2 ||     4
  Throw: Boomerang         |     3 |       |     2 ||     5
    Use: Scroll            |       |       |     1 ||     1
         Potion            |       |       |     4 ||     4
   Stab: Sleeping          |     2 |     2 |     2 ||     6
 Armour: Robe              |    47 |    19 |    10 ||    76
  Dodge: Dodged            |    52 |    41 |    39 ||   132
